 Dungeon Crawl Stone Soup version 0.21-a0-153-g78480df (webtiles) character file.

24920 tehllama the Geomancer (level 13, -1/78 HPs)
             Began as a Gargoyle Earth Elementalist on Aug 1, 2017.
             Was a Priest of Vehumet.
             Slain by a fire bat (4 damage)
             ... in a volcano.
             The game lasted 01:07:39 (19665 turns).

tehllama the Geomancer (GrEE)                      Turns: 19665, Time: 01:07:40

Health: -1/78      AC: 12    Str: 18    XL:     13   Next: 16%
Magic:  8/25       EV: 14    Int: 24    God:    Vehumet [***...]
Gold:   483        SH:  5    Dex: 10    Spells: 14/28 levels left

rFire    + + .     SeeInvis .   B - +8 whip of the Unliving {slash, +Fly rPois Str+3 Int+4}
rCold    + . .     Gourm    .   P - +1 buckler
rNeg     + . .     Faith    .   c - +0 robe
rPois    ∞         Spirit   .   t - +1 hat
rElec    +         Reflect  .   p - scarf {rC+ rF+}
rCorr    .         Harm     .   (no gloves)
MR       .....                  (no boots)
Stlth    ++........             (no amulet)
HPRegen  0.23/turn              m - +2 ring of strength
MPRegen  0.19/turn              x - ring of protection from fire

@: slightly contaminated
A: negative energy resistance 1, electricity resistance, unbreathing,
petrification resistance, rot immunity, AC +9
a: Renounce Religion, Evoke Flight


You were in a volcano.
You worshipped Vehumet.
Vehumet was most pleased with you.
You were hungry.

You visited 3 branches of the dungeon, and saw 16 of its levels.
You also visited: Labyrinth and Volcano.

You collected 548 gold pieces.
You spent 65 gold pieces at shops.

Inventory:

Hand Weapons
 B - the +8 whip of the Unliving (weapon) {slash, +Fly rPois Str+3 Int+4}
   (You found it on level 4 of the Dungeon)

   It inflicts extra damage upon your enemies.
   It affects your strength (+3).
   It affects your intelligence (+4).
   It protects you from poison.
   It lets you fly.
Missiles
 b - 193 stones (quivered)
Armour
 c - a +0 robe (worn)
 p - a scarf of resistance (worn)
 t - a +1 hat (worn)
 P - a +1 buckler (worn)
Magical Staves
 Q - an uncursed staff of earth
Jewellery
 m - a +2 ring of strength (left hand)
 x - a ring of protection from fire (right hand)
Wands
 y - a wand of disintegration (8/24)
 M - a wand of disintegration (24/24)
 W - a wand of iceblast (7/15)
 Y - a wand of iceblast (12/15)
Scrolls
 s - 10 scrolls of remove curse
 u - 3 scrolls of magic mapping
 H - 8 scrolls of teleportation
Potions
 i - a potion of magic
 F - 2 potions of invisibility
 G - 2 potions of resistance
Books
 A - a book of Annihilations

   Spells                             Type                      Level
   a - Poison Arrow                   Conjuration/Poison           6
   b - Chain Lightning                Conjuration/Air              8
   c - Lehudib's Crystal Spear        Conjuration/Earth            8
   d - Glaciate                       Conjuration/Ice              9
   e - Fire Storm                     Conjuration/Fire             9
Miscellaneous
 w - a lightning rod (4/4)
Comestibles
 a - 3 chunks of flesh
 d - a royal jelly
 f - 2 meat rations
 g - 2 bread rations
 K - 31 fruits


   Skills:
 + Level 7.8 Fighting
 + Level 7.4 Maces & Flails
 - Level 6.2 Armour
 + Level 6.4 Dodging
 - Level 2.1 Stealth
 - Level 4.6 Shields
 + Level 8.0 Spellcasting
 + Level 8.5 Conjurations
   Level 0.7 Transmutations
 * Level 4.6 Fire Magic
 + Level 10.8 Earth Magic
 + Level 5.9 Evocations


You had 14 spell levels left.
You knew the following spells:

 Your Spells              Type           Power        Failure   Level  Hunger
a - Sandblast             Erth           ######       1%          1    None
b - Stone Arrow           Conj/Erth      ######       1%          3    None
c - Lee's Rapid Deconstr  Erth           ######....   1%          5    #####..
d - Throw Flame           Conj/Fire      #####.       1%          2    None
e - Conjure Flame         Conj/Fire      #####...     1%          3    None


Dungeon Overview and Level Annotations

Branches:
Dungeon (11/15)            Temple (1/1) D:5            Lair (4/6) D:10
  Swamp (0/4) Lair:3
  Snake: Lair:2-4    Spider: Lair:2-4       Orc: D:9-12

Altars:
Ashenzari
Cheibriados
Dithmenos
Elyvilon
Fedhas
Gozag
Hepliaklqana
Kikubaaqudgha
Makhleb
Nemelex Xobeh
Okawaru
Qazlal
Ru
Sif Muna
Trog
Uskayaw
Vehumet
Wu Jian
Xom
Yredelemnul
Zin
The Shining One

Shops:
D:5 ?

Annotations:
D:5 scroll of acquirement


Innate Abilities, Weirdness & Mutations

You are resistant to torment.
Your stone body is resilient. (AC +9)
You are immune to poison.
You resist negative energy. (rN+)
You are resistant to electric shocks. (rElec)
You can survive without breathing.
You are immune to petrification.
You are immune to rotting.


Message History

You are engulfed in flames.
You resist.
* * * LOW HITPOINT WARNING * * *
Casting: Sandblast
Confirm with . or Enter, or press ? or * to list all spells.
Aiming: Stone Arrow
Press: ? - help, Shift-Dir - straight line, f - fire bat
Aim: a fire bat The stone arrow hits the fire bat.
The fire bat is heavily wounded.
The fire bat bites you but does no damage.
Casting: Stone Arrow
Confirm with . or Enter, or press ? or * to list all spells.
Aiming: Sandblast
Press: ? - help, Shift-Dir - straight line, f/p - fire bat
Aim: a fire bat (lava, heavily wounded)
The blast of sand hits the fire bat.
The fire bat is severely wounded.
b - 193 stones The fire bat bites you.
You die...

###..≈≈≈§§≈≈≈§ ##.
#.≈≈§≈≈≈≈≈§≈≈ #.#
#..§≈§§≈≈≈§≈≈≈≈≈. ##.#
##O≈≈§≈≈§§§§≈≈≈≈.##..∩
##..≈≈≈§§§§§≈§§§.#∩..#
#....≈≈§≈§≈≈≈≈≈≈.##..#
###....§≈§≈§§≈≈≈≈.#.##
#..b.≈≈≈≈≈§≈≈§§.###.
##.@.≈≈≈≈§≈≈≈≈..###.
#.....≈§≈§§§......#
##....≈≈§≈§.....###
#.....≈≈.....###
##....≈....###
##.......## #......##
###.....# ##.#.##


You could see a two-headed ogre and a fire bat.

Vanquished Creatures
  Gastronok (Lair:2)
  A minotaur (Lab)
  Erolcha (D:10)
  3 hydras
  4 two-headed ogres
  A manticore (D:10)
  Maurice (D:10)
  5 spiny frogs
  A komodo dragon (Lair:1)
  A rime drake (Lair:3)
  8 hippogriffs
  4 blink frogs (Lair:2)
  9 dream sheep
  13 yaks
  6 fire bats (Volcano)
  A wyvern (D:9)
  A basilisk (Lair:3)
  2 hungry ghosts (D:9)
  2 swamp worms (Lair:3)
  2 water moccasins
  2 porcupines
  A swamp drake (Lair:3)
  3 orc warriors
  2 sky beasts
  A black bear (D:8)
  2 ice beasts
  3 phantoms
  5 necrophages
  4 ogres
  2 centaurs
  11 wolves
  6 crocodiles
  3 big kobolds (D:8)
  8 bullfrogs
  3 gnoll sergeants
  A wyvern skeleton (D:9)
  3 scorpions
  An electric eel (Lair:1)
  4 howler monkeys
  The ghost of AverageBear the Cutter, a weakling DEFi (D:3)
  7 lava snakes (Volcano)
  8 crimson imps
  2 bullfrog zombies
  3 hounds
  3 quasits
  2 orc priests
  3 jellies (D:9)
  2 bullfrog skeletons
  A gnoll shaman (D:8)
  3 centaur skeletons
  Jessica (D:3)
  2 iguanas
  19 orc wizards
  11 worker ants
  3 hound skeletons
  2 worker ant zombies
  Robin (D:2)
  15 gnolls
  A howler monkey skeleton (D:8)
  10 adders
  3 shadow imps
  An adder zombie (D:8)
  A worm (D:2)
  2 dart slugs
  9 leopard geckos
  38 orcs
  2 ball pythons
  10 giant cockroaches
  19 goblins
  19 hobgoblins
  13 jackals
  9 quokkas
  10 bats
  6 frilled lizards
  5 kobolds
  2 leopard gecko skeletons
  A leopard gecko zombie (D:7)
  12 rats
  A fungus (Lair:2)
395 creatures vanquished.

Vanquished Creatures (others)
  5 dream sheep (D:7)
  2 fungi
  8 plants
15 creatures vanquished.

Grand Total: 410 creatures vanquished

Notes
Turn   | Place    | Note
-------+----------+-------------------------------------------
     0 | D:1      | tehllama the Gargoyle Earth Elementalist began the quest for the Orb.
     0 | D:1      | Reached XP level 1. HP: 10/10 MP: 3/3
   391 | D:1      | Reached XP level 2. HP: 7/15 MP: 5/5
   579 | D:1      | Reached skill level 4 in Earth Magic
  1291 | D:1      | Reached XP level 3. HP: 5/19 MP: 4/6
  1296 | D:1      | Learned a level 3 spell: Stone Arrow
  1969 | D:1      | Reached skill level 1 in Conjurations
  2268 | D:2      | Noticed Robin
  2273 | D:2      | Killed Robin
  2275 | D:2      | Reached XP level 4. HP: 24/24 MP: 1/8
  2423 | D:2      | Found a shattered altar of Ashenzari.
  2643 | D:2      | Found a bloodstained altar of Trog.
  3816 | D:3      | Reached skill level 5 in Earth Magic
  3816 | D:3      | Reached XP level 5. HP: 27/28 MP: 9/9
  4095 | D:3      | Noticed AverageBear's ghost (weakling DEFi)
  4099 | D:3      | Killed AverageBear's ghost
  4156 | D:3      | Reached XP level 6. HP: 32/32 MP: 1/11
  4163 | D:3      | Learned a level 5 spell: Lee's Rapid Deconstruction
  4340 | D:3      | Noticed Jessica
  4344 | D:3      | Killed Jessica
  4771 | D:4      | Noticed a phantom
  4785 | D:4      | Killed a phantom
  4785 | D:4      | Reached skill level 6 in Earth Magic
  4785 | D:4      | Reached XP level 7. HP: 28/36 MP: 7/13
  4829 | D:4      | Got a jewelled whip
  4837 | D:4      | Identified the +8 whip of the Unliving {slash, +Fly rPois Str+3 Int+4} (You found it on level 4 of the Dungeon)
  5048 | D:4      | Reached skill level 1 in Maces & Flails
  5233 | D:4      | Found a glowing drain.
  5302 | D:4      | Reached skill level 1 in Fighting
  5336 | D:4      | Reached skill level 1 in Armour
  5438 | D:5      | Entered Level 5 of the Dungeon
  5655 | D:5      | Reached XP level 8. HP: 31/44 MP: 15/15
  5989 | D:5      | Reached skill level 1 in Evocations
  6101 | D:5      | Found Cel Ostru's Magic Scroll Boutique.
  6109 | D:5      | Bought a scroll of identify for 26 gold pieces
  6109 | D:5      | Bought a scroll of teleportation for 39 gold pieces
  6134 | D:5      | You fall through a shaft!
  6273 | D:6      | Reached skill level 5 in Spellcasting
  6758 | D:5      | Found a staircase to the Ecumenical Temple.
  6768 | Temple   | Entered the Ecumenical Temple
  7252 | D:6      | Reached skill level 7 in Earth Magic
  7258 | D:6      | Reached skill level 1 in Shields
  7440 | D:5      | HP: 1/45 [ogre/giant club (6)]
  7874 | D:6      | Found a burning altar of Makhleb.
  8500 | D:7      | Noticed a hippogriff
  8643 | D:7      | Reached XP level 9. HP: 43/49 MP: 15/17
  8805 | D:7      | Got a heavily runed ring mail
  8834 | D:7      | Identified the cursed +0 ring mail "Bempif" {*Drain rC+ Dex+4} (You found it on level 7 of the Dungeon)
  8888 | D:7      | Reached skill level 5 in Conjurations
  9393 | D:7      | Found a shimmering altar of Xom.
  9764 | D:8      | Found a hide-covered altar of Uskayaw.
 10061 | D:8      | Noticed a two-headed ogre
 10065 | D:8      | Killed a two-headed ogre
 10065 | D:8      | Reached skill level 8 in Earth Magic
 10065 | D:8      | Reached XP level 10. HP: 41/57 MP: 10/18
 10244 | D:8      | Noticed a two-headed ogre
 10410 | D:8      | Killed a two-headed ogre
 10537 | D:8      | Noticed a three-headed hydra
 10553 | D:8      | Killed a three-headed hydra
 10553 | D:8      | Reached skill level 5 in Fighting
 10553 | D:8      | Reached skill level 5 in Armour
 10865 | D:8      | Found a snail-covered altar of Cheibriados.
 11449 | D:9      | Reached XP level 11. HP: 64/64 MP: 13/20
 11506 | D:9      | Found a deep blue altar of Sif Muna.
 11522 | D:9      | Found an ancient bone altar of Kikubaaqudgha.
 11538 | D:9      | Found a radiant altar of Vehumet.
 11548 | D:9      | Became a worshipper of Vehumet
 11723 | D:9      | Reached skill level 5 in Maces & Flails
 12100 | D:9      | Noticed a dagger
 12100 | D:9      | Noticed a hand axe
 12140 | D:9      | Found a hide-covered altar of Uskayaw.
 12513 | D:10     | Entered Level 10 of the Dungeon
 12547 | D:10     | Noticed a manticore
 12556 | D:10     | Killed a manticore
 12556 | D:10     | Reached skill level 9 in Earth Magic
 12694 | D:10     | Noticed Erolcha
 12734 | D:10     | Killed Erolcha
 12782 | D:10     | Noticed Maurice
 12783 | D:10     | Paralysed by Maurice for 4 turns
 12830 | D:10     | Killed Maurice
 13084 | D:10     | Reached skill level 5 in Dodging
 13137 | D:10     | Reached * piety under Vehumet
 13137 | D:10     | Offered knowledge of Sting by Vehumet.
 13858 | D:10     | Found a staircase to the Lair.
 14108 | Lair:1   | Entered Level 1 of the Lair of Beasts
 15383 | Lair:1   | Reached XP level 12. HP: 67/71 MP: 20/22
 15411 | Lair:1   | Reached skill level 5 in Evocations
 16182 | Lair:1   | Offered knowledge of Throw Flame by Vehumet.
 16186 | Lair:1   | Learned a level 2 spell: Throw Flame
 16453 | Lair:2   | Reached ** piety under Vehumet
 16608 | Lair:2   | Noticed Gastronok
 16625 | Lair:2   | Killed Gastronok
 16625 | Lair:2   | Reached skill level 1 in Fire Magic
 16625 | Lair:2   | Reached skill level 10 in Earth Magic
 17098 | Lair:2   | Noticed an eight-headed hydra
 17101 | Lair:2   | Killed an eight-headed hydra
 17533 | Lair:3   | Noticed an eight-headed hydra
 17540 | Lair:3   | Killed an eight-headed hydra
 17836 | Lair:3   | Found a labyrinth entrance.
 17849 | Lab      | Entered a labyrinth
 18030 | Lab      | Noticed a minotaur
 18035 | Lab      | Killed a minotaur
 18339 | Lair:3   | Found a staircase to the Swamp.
 19264 | Lair:4   | Found a dark tunnel.
 19289 | Lair:4   | Reached XP level 13. HP: 77/77 MP: 16/24
 19453 | Volcano  | Entered a volcano
 19470 | Volcano  | Offered knowledge of Conjure Flame by Vehumet.
 19490 | Volcano  | Reached *** piety under Vehumet
 19535 | Volcano  | Learned a level 3 spell: Conjure Flame
 19642 | Volcano  | Found a radiant altar of Vehumet.
 19663 | Volcano  | HP: 3/78 [fire bat (2)]
 19665 | Volcano  | Slain by a fire bat

Vault maps used:
D:1:      dpeg_arrival_solitude
D:2:      lemuel_doored_altar, bloody_trog, uniq_robin
D:3:      kennysheep_jessica_study
D:4:      cheibrodos_old_hovel, portal_sewer_entry_f
D:5:      minmay_temple_entry_purple_smoke, serial_shops, nicolae_shop_stone,
          first_bread, minivault_4
D:6:      lemuel_round_altar
D:7:      kb_xom_exploding_sheep
D:8:      lemuel_round_altar, basic_altar, hangedman_ranch
D:9:      palyth_temple_overflow_mages, dancing_weapons_uskayaw,
          grunt_decor_fettered
D:10:     lair_entry_dummy, uniq_erolcha, uniq_maurice
D:11:     david_orc_1_choice, minmay_liquid_box
Temple:   eino_wide_crystal_templ
Lair:1:   lemuel_fruit_tree, lemuel_fruit_fields, infiniplex_staircase_pool_2,
          serial_bayou_shore_a, serial_bayou_shore_b
Lair:2:   roderic_carrion_pond, uniq_gastronok
Lair:3:   minmay_swamp_entry_worms, lab_entry_generic
Lair:4:   dragon1_lemuel, guppyfry_snake_entry_garden,
          nicolae_volcano_entry_two_sided, grunt_forest_stairs_clearing
Lab:      labyrinth_watery
Volcano:  volcano_grotto

Skill      XL: |  1  2  3  4  5  6  7  8  9 10 11 12 13 |
---------------+----------------------------------------+-----
Earth Magic    | 4 5 6 7 8 9 10 | 10.8
Conjurations   | 1 2 3 4 5 6 7 8 |  8.5
Spellcasting   | 3 4 5 6 7 8 |  8.0
Maces & Flails | 1 2 4 6 7 |  7.4
Fighting       | 1 2 4 5 6 7 |  7.8
Dodging        | 2 3 4 5 6 |  6.4
Armour         | 1 3 4 5 6 |  6.2
Evocations     | 1 3 4 5 |  5.9
Shields        | 1 3 4 |  4.6
Fire Magic     | 4 |  4.6
Stealth        | |  2.1
Transmutations | |  0.7

Action                   |  1- 3 |  4- 6 |  7- 9 | 10-12 | 13-15 || total
-------------------------+-------+-------+-------+-------+-------++-------
Melee: Club              |    31 |       |       |       |       ||    31
       Unarmed           |     4 |       |       |       |       ||     4
       Whip              |    79 |   216 |   227 |   198 |       ||   720
 Cast: Sandblast         |    24 |    21 |    51 |   123 |    41 ||   260
       Stone Arrow       |       |    16 |    62 |   129 |    12 ||   219
       Lee's Rapid Decon |       |       |     1 |    28 |     4 ||    33
Evoke: Wand              |       |       |     3 |       |       ||     3
       Phantom mirror    |       |       |       |       |     1 ||     1
  Use: Scroll            |       |     9 |    15 |     9 |     4 ||    37
       Potion            |       |       |     4 |     2 |       ||     6
 Stab: Sleeping          |     4 |     4 |     3 |     1 |       ||    12
  Eat: Chunk             |     4 |    10 |    14 |    29 |     1 ||    58
       Meat ration       |       |       |     1 |     1 |       ||     2
       Fruit             |       |       |       |     3 |       ||     3
Armor: Robe              |    68 |    84 |   109 |   115 |    18 ||   394
Dodge: Dodged            |    92 |   167 |   170 |   167 |    37 ||   633
Block: Buckler           |       |       |       |    33 |     9 ||    42
